 Dungeon Crawl Stone Soup version 0.30-a0-341-g682706514a (webtiles) character file.

Game seed: 9342556288437660554

730 ragingrage the Sneak (level 7, -8/46 HPs)
             Began as an Octopode Wanderer on Nov 3, 2022.
             Was an Initiate of Gozag.
             Mangled by an ogre
             ... wielding a +0 giant club
              (30 damage)
             ... on level 5 of the Dungeon.
             The game lasted 00:05:50 (4658 turns).

ragingrage the Sneak (Octopode Wanderer)            Turns: 4658, Time: 00:05:51

Health: -8/46      AC:  5    Str: 11    XL:     7   Next: 73%
Magic:  5/10       EV: 12    Int: 18    God:    Gozag
Gold:   207        SH:  0    Dex: 16    Spells: 3/10 levels left

rFire   . . .      SeeInvis .    d - +2 dagger (venom)
rCold   . . .      Faith    .    (no shield)
rNeg    . . .      Spirit   .    (helmet restricted)
rPois   .          Reflect  .    (no amulet)
rElec   .          Harm     .    j - +6 ring of dexterity
rCorr   .          Rampage  .    r - +4 ring of protection
Will    .....                    (no ring)
Stlth   +++++.....               (no ring)
HPRegen 0.27/turn                (no ring)
MPRegen 0.12/turn                (no ring)
                                 (no ring)
                                 (no ring)

@: very slightly contaminated
A: almost no armour, amphibious, 8 rings, camouflage 1, gelatinous body 1,
(nimble swimmer 1), tentacles
a: Renounce Religion, Potion Petition, Call Merchant, Bribe Branch


You were on level 5 of the Dungeon.
You worshipped Gozag.
Gozag was aware of your devotion.
You visited 2 branches of the dungeon, and saw 6 of its levels.
You also visited: Ossuary.

You collected 325 gold pieces.
You spent 60 gold pieces at shops.
You paid 58 gold pieces to Gozag.

Inventory:

Hand Weapons
 a - a +2 falchion
 d - a +2 dagger of venom (weapon)
 m - a +1 short sword of draining
Missiles
 n - 10 poisoned darts
 x - a throwing net
Armour
 b - a +0 buckler
Jewellery
 j - a +6 ring of dexterity (left tentacle)
 r - a +4 ring of protection (right tentacle)
Wands
 B - a wand of roots (5)
Scrolls
 c - a scroll of summoning
 h - 2 scrolls of teleportation {unknown}
 i - 10 scrolls of identify {unknown}
 k - a scroll of torment {unknown}
 o - 2 scrolls of vulnerability {unknown}
 u - a scroll of immolation {unknown}
 v - a scroll of fear {unknown}
 w - a scroll of amnesia {unknown}
 y - 2 scrolls of poison {unknown}
 A - 2 scrolls of enchant weapon {unknown}
Potions
 e - 2 potions of attraction {unknown}
 f - a potion of cancellation {unknown}
 g - a potion of might {unknown}
 l - a potion of haste {unknown}
 p - 2 potions of flight {unknown}
 q - a potion of heal wounds
 s - 3 potions of curing {unknown}
 t - a potion of mutation {unknown}
 z - a potion of brilliance {unknown}
 C - a potion of ambrosia {unknown}


   Skills:
 - Level 3.0 Fighting
 - Level 4.0 Long Blades
 + Level 7.3 Stealth
 - Level 2.0 Shields
 - Level 2.0 Spellcasting
 + Level 5.6 Hexes


You had 3 spell levels left.
You knew the following spells:

 Your Spells              Type           Power      Damage    Failure   Level
a - Slow                  Hex            88%        N/A       1%          1
b - Confusing Touch       Hex            22%        N/A       5%          3
c - Tukima's Dance        Hex            22%        N/A       5%          3

Your spell library contained the following spells:

 Spells                   Type           Power      Damage    Failure   Level
 Kiss of Death            Conj/Necr      4%         2d5       19%         1
 Scorch                   Fire           2%         2d5       26%         2
 Metabolic Englaciation   Hex/Ice        5%         N/A       85%         5
 Dispel Undead            Necr           1%         3d6       87%         4
 Flame Wave               Conj/Fire      1%         2d4       87%         4
 Petrify                  Tmut/Erth      1%         N/A       87%         4
 Statue Form              Tmut/Erth      0%         N/A       100%        6
 Summon Cactus Giant      Summ           0%         N/A       100%        6


Dungeon Overview and Level Annotations

Branches:
Dungeon (5/15)             Temple (1/1) D:4         Ossuary (visited)

Altars:
Ashenzari
Cheibriados
Dithmenos
Elyvilon
Fedhas
Gozag
Hepliaklqana
Kikubaaqudgha
Okawaru
Qazlal
Ru
Sif Muna
Trog
Uskayaw
Vehumet
Wu Jian
Xom
Yredelemnul
Zin
The Shining One

Shops:
D:3 *   D:4 [


Innate Abilities, Weirdness & Mutations

You cannot wear most types of armour.
You are amphibious.
You can wear up to eight rings at the same time.
Your skin changes colour to match your surroundings (Stealth+).
Your rubbery body absorbs attacks. (AC +1, EV +1)
((You are camouflaged when in or above water. (Stealth+)))
You have tentacles for arms and can constrict up to eight enemies at once.


Message History

You see here a +0 robe.
Found a dagger.
Found a stone staircase leading up.
Found a mace.
i - 10 scrolls labelled BEBYSOUNKUD (gained 1)
You see here a +0 mace.
A hound comes into view.
A hound is nearby!
A hound is nearby!
The helpless hound fails to defend itself.
You impale the hound!!
You kill the hound!
No target in view!
No target in view!
You now have 207 gold pieces (gained 6).
An ogre comes into view. It is wielding a +0 giant club.
An ogre is nearby!
An ogre is nearby!
Casting: Tukima's Dance (dangerous; 5% risk of failure)
Confirm with . or Enter, or press ? or * to list all spells.
Aiming: Tukima's Dance (dangerous; 5% risk of failure)
Press: ? - help, Shift-Dir - straight line, f - ogre
Aim: an ogre, wielding a +0 giant club (asleep, chance to affect: 54%)
The ogre shouts!
The ogre resists with significant effort.
The ogre hits you with a +0 giant club!!
Ouch! That really hurt!
Casting: Tukima's Dance (dangerous; 5% risk of failure)
Confirm with . or Enter, or press ? or * to list all spells.
Aiming: Tukima's Dance (dangerous; 5% risk of failure)
Press: ? - help, Shift-Dir - straight line, f/p - ogre
Aim: an ogre, wielding a +0 giant club (chance to affect: 54%)
You miscast Tukima's Dance.
You are very lightly contaminated with residual magic.
Nothing appears to happen.
The ogre attacks as you move away!
The ogre hits you with a +0 giant club!!
Ouch! That really hurt!
You die...
Your body crumbles into a pile of gold.

#.....<.....#### #.#
#.#...........# #.#
#.#........##.## #.#
#.......)......## #..##
##..##.##.#.##...#####.#.##...
....##.#.###................#
##..##.##.#.##...#####.#
...)##.###..##..######.#
............##..@O.....#
##..##.........#########
#..######.##### #..# #.#...
##..######.#.# .....[.).....#
....######.### ##.#######.##
............#


You could see an ogre.

Vanquished Creatures
  An ogre (D:5)
  An elf zombie (Ossuary)
  A necrophage (D:4)
  A scorpion (D:4)
  A human zombie (Ossuary)
  2 centaur zombies (Ossuary)
  An orc priest (D:5)
  2 hounds
  Natasha (twice) (D:2)
  2 mummies (Ossuary)
  4 adders
  A white imp (D:5)
  3 adder zombies (Ossuary)
  3 worms
  A dart slug (D:1)
  12 orcs
  3 ball pythons
  4 endoplasms
  A giant cockroach (D:4)
  10 goblins
  9 hobgoblins
  3 jackals (D:4)
  5 kobolds
  2 quokkas
  2 bats
  2 frilled lizards
  2 goblin zombies (Ossuary)
  16 hobgoblin zombies (Ossuary)
  A jackal zombie (Ossuary)
  9 kobold zombies (Ossuary)
  An orc zombie (Ossuary)
  4 rats
  A rat zombie (Ossuary)
113 creatures vanquished.

Vanquished Creatures (collateral kills)
  An orc wizard (D:5)
  An orc (D:5)
2 creatures vanquished.

Grand Total: 115 creatures vanquished

Notes
Turn   | Place    | Note
-------+----------+-------------------------------------------
     0 | D:1      | ragingrage the Octopode Wanderer began the quest for the
                  | Orb.
     0 | D:1      | ragingrage set off with the following items: a +2 falchion,
                  | a +0 buckler, a scroll of summoning; and the following
                  | spell memorised: Slow; and the following spells available
                  | to memorise: Tukima's Dance.
     0 | D:1      | Reached XP level 1. HP: 13/13 MP: 3/3
   266 | D:1      | Reached XP level 2. HP: 14/18 MP: 5/5
  1064 | D:2      | Reached skill level 1 in Stealth
  1071 | D:2      | Reached XP level 3. HP: 21/23 MP: 6/6
  1111 | D:2      | Noticed Natasha
  1118 | D:2      | Killed Natasha
  1119 | D:2      | Reached skill level 2 in Stealth
  1229 | D:2      | Reached XP level 4. HP: 27/28 MP: 7/7
  1312 | D:2      | Noticed Natasha
  1321 | D:2      | Killed Natasha
  1322 | D:2      | Reached skill level 3 in Stealth
  1615 | D:3      | Found Fuycvy's General Store.
  1630 | D:3      | Bought a potion of heal wounds for 60 gold pieces
  1697 | D:3      | Found a glowing golden altar of the Shining One.
  1817 | D:3      | Found a bloodstained altar of Trog.
  1845 | D:3      | Reached XP level 5. HP: 20/33 MP: 8/8
  2374 | D:4      | Found a sand-covered staircase.
  2379 | Ossuary  | Entered an ossuary
  2390 | Ossuary  | Reached skill level 4 in Stealth
  2574 | Ossuary  | Reached XP level 6. HP: 27/39 MP: 9/9
  2756 | Ossuary  | Reached skill level 5 in Stealth
  3010 | D:4      | Learned a level 3 spell: Confusing Touch
  3183 | D:4      | Found a shadowy altar of Dithmenos.
  3264 | D:4      | Found a stormy altar of Qazlal.
  3274 | D:4      | Reached XP level 7. HP: 42/46 MP: 10/10
  3337 | D:4      | Reached skill level 6 in Stealth
  3337 | D:4      | Reached skill level 5 in Hexes
  3546 | D:4      | Found a staircase to the Ecumenical Temple.
  3611 | D:4      | Found Cesukips's Armour Shoppe.
  3670 | Temple   | Entered the Ecumenical Temple
  3844 | Temple   | Became a worshipper of Gozag Ym Sagoz the Greedy
  4016 | D:5      | Entered Level 5 of the Dungeon
  4057 | D:5      | Found a broken altar of Ashenzari.
  4104 | D:5      | Learned a level 3 spell: Tukima's Dance
  4394 | D:5      | Reached skill level 7 in Stealth
  4658 | D:5      | Mangled by an ogre

Illustrated notes

Levels and vault maps discovered:
D:1:      roderic_crop_circles_arrival_small, layout_loops_ring
D:2:      layout_rooms, hangedman_decor_growths, uniq_crazy_yiuf_cottage,
          uniq_natasha
D:3:      layout_loops_corners, trog_hazing_becter, old_standard_altar,
          serial_shops, nicolae_diamond_shop, chequers_serial_rivers_micro_d
D:4:      layout_gridville, mainiacjoe_overflow_alcove_4,
          overflow_temple_1_default, minmay_temple_entry_junction,
          enter_ossuary_5, serial_shops, shop, minmay_diced_spiral
D:5:      layout_loops_ring, mainiacjoe_overflow_brackets, nicolae_wormholes
Temple:   bh_familiar_temple

Skill      XL: |  1  2  3  4  5  6  7 |
---------------+----------------------+-----
Hexes          | 2 3 4 5 |  5.6
Stealth        | 1 2 3 4 5 7 |  7.3
Fighting       | 2 3 |  3.0
Long Blades    | |  4.0
Shields        | |  2.0
Spellcasting   | |  2.0

Action                   |  1- 3 |  4- 6 |  7- 9 || total
-------------------------+-------+-------+-------++-------
Melee: Dagger            |    37 |   188 |    39 ||   264
       Constrict         |     8 |    52 |    13 ||    73
       Tentacles         |     6 |    52 |    13 ||    71
       Falchion          |     2 |       |       ||     2
       Punch             |       |     4 |       ||     4
 Cast: Tukima's Dance    |       |       |    10 ||    10
       Slow              |       |       |     2 ||     2
 Stab: Sleeping          |     6 |     9 |     2 ||    17
       Distracted        |       |     1 |       ||     1
Armor: Skin              |     2 |    48 |     5 ||    55
Dodge: Dodged            |    10 |    75 |    12 ||    97
Block: Buckler           |     1 |       |       ||     1

Table legend: (Time is in decaauts)
 A = Elapsed time spent in this place.
 B = Non-inter-level travel time spent in this place.
 C = Inter-level travel time spent in this place.
 D = Time resting spent in this place.
 E = Time spent auto-exploring this place.
 F = Levels seen in this place.
 G = Mean time per level.
                   A        B        C        D        E       F      G
               +--------+--------+--------+--------+--------+-----+--------+
         Total |   4626 |   4340 |    286 |    639 |   2632 |   7 |  660.9 |
       Dungeon |   3861 |   3629 |    232 |    558 |   2401 |   5 |  772.2 |
        Temple |    198 |    144 |     54 |      0 |    141 |   1 |  198.0 |
       Ossuary |    565 |    565 |      0 |     81 |     90 |   1 |  565.0 |
               +--------+--------+--------+--------+--------+-----+--------+

Top non-repeatable levels by time:
     D:4: 953 daAuts
     D:3: 912 daAuts
     D:1: 894 daAuts
     D:5: 637 daAuts
 Ossuary: 565 daAuts
     D:2: 462 daAuts
  Temple: 198 daAuts
